 Dungeon Crawl Stone Soup version 0.20.0-15-g7f486f2 (webtiles) character file.

596 Malak the Shield-Bearer (level 7, -2/52 HPs)
             Began as a Formicid Fighter on June 18, 2017.
             Splashed by a jelly's acid (7 damage)
             ... on level 4 of the Dungeon.
             The game lasted 00:22:27 (2971 turns).

Malak the Shield-Bearer (Formicid Fighter)          Turns: 2971, Time: 00:22:29

Health: -2/52      AC: -2    Str: 21    XL:     7   Next: 67%
Magic:  7/7        EV:  9    Int:  7    God:
Gold:   219        SH: 15    Dex: 12    Spells: 6/6 levels left

rFire    . . .     SeeInvis +   D - +0 whip (curse)
rCold    . . .     Gourm    .   c - +0 shield
rNeg     . . .     Faith    .   b - +0 scale mail
rPois    .         Spirit   .   (helmet unavailable)
rElec    .         Reflect  +   i - +1 cloak
rCorr    .         Harm     .   (no gloves)
MR       .....                  (no boots)
Stlth    +.........             q - +4 amulet of reflection
Regen    0.2/turn               g - ring of stealth
MPRegen  0.1/turn               o - +3 ring of slaying

@: corroded
A: permanent stasis, dig shafts and tunnels, four strong arms, antennae 3
a: Dig, Shaft Self


You were on level 4 of the Dungeon.
You were not hungry.

You visited 1 branch of the dungeon, and saw 4 of its levels.

You collected 219 gold pieces.

Inventory:

Hand Weapons
 a - a +0 long sword
 h - a +0 hunting sling
 y - a +2 quarterstaff of chaos
 A - a +2 mace of draining
 D - a cursed +0 whip (weapon)
Armour
 b - a +0 scale mail (worn)
 c - a +0 shield (worn)
 i - a +1 cloak (worn)
 z - a +0 cloak
Jewellery
 g - a ring of stealth (left hand)
 o - a +3 ring of slaying (right hand)
 q - a +4 amulet of reflection (around neck)
Wands
 x - a wand of digging (4/24)
Scrolls
 e - 2 scrolls of identify
Potions
 d - a potion of might
 m - 2 potions of heal wounds {unknown}
 n - 4 potions of curing {unknown}
 r - a potion of flight {unknown}
 u - a potion of haste {unknown}
 v - 2 potions of berserk rage {unknown}
 w - a potion of mutation {unknown}
 F - a potion of lignification {unknown}
Comestibles
 f - 3 bread rations
 j - a chunk of flesh
 t - 3 fruits
 E - 4 royal jellies


   Skills:
 - Level 3.2 Fighting
 - Level 6.0 Long Blades
 - Level 3.2 Armour
 + Level 7.2 Shields


You had 6 spell levels left.
You didn't know any spells.

Dungeon Overview and Level Annotations

Branches:
Dungeon (4/15)
 Temple: D:4-7

Altars:
Elyvilon


Innate Abilities, Weirdness & Mutations

You cannot be hasted, slowed, berserked, paralysed or teleported.
You can dig through walls and to a lower floor.
Your four strong arms can wield two-handed weapons with a shield.
You have a pair of large antennae on your head. (SInv)


Message History

You are too injured to fight recklessly!
You are too injured to fight recklessly!
You are too injured to fight recklessly!
You hit the jelly.
Your hands burn!
The jelly is severely wounded.
You block the jelly's attack.
You hit the jelly but do no damage.
Your hands burn!
The jelly is severely wounded.
You block the jelly's attack.
You hit the jelly but do no damage.
Your hands burn!
* * * LOW HITPOINT WARNING * * *
The jelly is severely wounded.
The jelly closely misses you.
You hit the jelly but do no damage.
Your hands burn!
* * * LOW HITPOINT WARNING * * *
The jelly is severely wounded.
The jelly hits you.
* * * LOW HITPOINT WARNING * * *
You are splashed with acid!
The acid burns!
You die...

#....# #....... #....###.#.....
################.............
#..................#.........
#......#########...#.........
######.......##........#.....
######......#<..#.##..##
****#**####.#..........#..##
**,,,..##....@#....###.....# #
**,,,..........J........##..###
*,,,,................##.###...#
**,,,,.............>.#...####...
*,,,,,.................###......
*,,,,,...............#.....####.
*,,,,,.....................##<..
**,,,,[..................#...)..
**,,,,...............##.#....##


You could see a jelly.

Vanquished Creatures
  Sigmund (D:2)
  A necrophage (D:4)
  A scorpion (D:4)
  Crazy Yiuf (D:2)
  2 orc priests (D:3)
  3 worker ants (D:4)
  A hound zombie (D:4)
  A gnoll (D:1)
  3 adders
  An ooze (D:2)
  An adder skeleton (D:4)
  4 worms
  3 dart slugs
  5 leopard geckos
  3 orcs (D:3)
  6 bats
  4 giant cockroaches
  7 goblins
  5 hobgoblins
  4 quokkas
  3 frilled lizards
  6 kobolds
  8 rats
74 creatures vanquished.

Notes
Turn   | Place    | Note
-------+----------+-------------------------------------------
     0 | D:1      | Malak the Formicid Fighter began the quest for the Orb.
     0 | D:1      | Reached XP level 1. HP: 18/18 MP: 1/1
    80 | D:1      | Reached XP level 2. HP: 18/24 MP: 2/2
   211 | D:1      | Reached XP level 3. HP: 26/29 MP: 3/3
   761 | D:2      | Reached XP level 4. HP: 35/35 MP: 4/4
   937 | D:2      | Noticed Sigmund
   947 | D:2      | Killed Sigmund
   947 | D:2      | Reached XP level 5. HP: 22/41 MP: 5/5
   947 | D:2      | Reached XP level 6. HP: 25/47 MP: 6/6
  1108 | D:2      | Found a runed door.
  1385 | D:2      | Reached skill level 4 in Shields
  1483 | D:2      | Noticed Crazy Yiuf
  1488 | D:2      | Killed Crazy Yiuf
  1736 | D:3      | Found a white marble altar of Elyvilon.
  1814 | D:3      | Reached skill level 5 in Shields
  2263 | D:3      | Reached XP level 7. HP: 52/52 MP: 7/7
  2476 | D:4      | Reached skill level 6 in Shields
  2619 | D:4      | Reached skill level 7 in Shields
  2971 | D:4      | Splashed by a jelly's acid

Skill      XL: |  1  2  3  4  5  6  7 |
---------------+----------------------+-----
Long Blades    | 3 4 6 |  6.0
Shields        | 5 7 |  7.2
Fighting       | |  3.2
Armour         | |  3.2

Action                   |  1- 3 |  4- 6 |  7- 9 || total
-------------------------+-------+-------+-------++-------
Melee: Long sword        |    70 |    61 |       ||   131
       Quarterstaff      |       |    36 |     4 ||    40
       Whip              |       |       |    93 ||    93
 Abil: Dig               |     1 |       |       ||     1
  Use: Scroll            |       |     3 |     8 ||    11
 Stab: Confused          |       |     1 |       ||     1
  Eat: Chunk             |       |     5 |     2 ||     7
Armor: Scale mail        |    21 |    20 |    22 ||    63
Dodge: Dodged            |    15 |    23 |    22 ||    60
Block: Shield            |    44 |    51 |    77 ||   172
       Rpst.: Long sword |     6 |     6 |       ||    12
